 Dungeon Sprint DCSS version 0.19-a0-1899-g2d93087 (webtiles) character file.

8383 poirepourri the Earth Mage (level 11, -13/56 HPs)
             Began as a Gargoyle Earth Elementalist on Oct 20, 2016.
             Was the Champion of Vehumet.
             Mangled by a lorocyproca (16 damage)
             ... in the Dungeon (Sprint I: "Red Sonja").
             The game lasted 00:08:13 (3054 turns).

poirepourri the Earth Mage (GrEE)                   Turns: 3054, Time: 00:08:14

Health: -13/56     AC: 20    Str: 14    XL:     11   Next: 30%
Magic:  0/29       EV:  7    Int: 18    God:    Vehumet [******]
Gold:   519        SH:  0    Dex: 10    Spells: 6 memorised, 23 levels left

rFire  + . .     SeeInvis .     a - 18 stones
rCold  . . .     Gourm    .     e - +2 chain mail {rF+}
rNeg   + . .     Faith    .     (no shield)
rPois  ∞         Spirit   .     (no helmet)
rElec  +         Reflect  .     (no cloak)
rCorr  .         Harm     .     l - +1 pair of gloves {Str+3}
MR     .....     NoTele   +     q - +0 pair of boots
Stlth  ..........               (no amulet)
                                (no ring)
                                o - ring of wizardry

@: no status effects
A: negative energy resistance 1, electricity resistance, weak 1, unbreathing,
petrification resistance, rot immunity, AC +7
a: Renounce Religion


You were in the Dungeon.
You worshipped Vehumet.
Vehumet was exalted by your worship.
You were hungry.

You visited 1 branch You collected 1841 gold pieces.
You spent 1322 gold pieces at shops.

Inventory:

Missiles
 a - 18 stones (in hand)
Armour
 b - a +4 scale mail of poison resistance
 d - a +0 buckler
 e - a +2 chain mail of fire resistance (worn)
 l - a +1 pair of gloves of strength (worn)
 q - a +0 pair of boots (worn)
Jewellery
 o - a ring of wizardry (left hand)
Scrolls
 f - a scroll of identify
Potions
 g - a potion of haste
 i - 2 potions of berserk rage
 m - 2 potions of agility
 p - a potion of brilliance
Books
 k - a book of Geomancy

   Spells                             Type                      Level
   a - Sandblast                      Earth                        1
   b - Passwall                       Transmutation/Earth          2
   c - Stone Arrow                    Conjuration/Earth            3
   d - Petrify                        Transmutation/Earth          4
   e - Lee's Rapid Deconstruction     Earth                        5
Comestibles
 c - 2 meat rations
 n - 3 fruits


   Skills:
 - Level 1.3 Fighting
 - Level 0.4 Armour
 + Level 6.2 Dodging
 - Level 2.1 Stealth
 + Level 14.6 Spellcasting
 + Level 8.4 Conjurations
 + Level 1.7 Transmutations
 + Level 20.7 Earth Magic


You had 23 spell levels left.
You knew the following spells:

 Your Spells              Type           Power        Failure   Level  Hunger
a - Sandblast             Erth           ######       1%          1    None
b - Passwall              Tmut/Erth      ######....   1%          2    None
c - Stone Arrow           Conj/Erth      ######       1%          3    None
d - Petrify               Tmut/Erth      ######..     7%          4    None
e - Lee's Rapid Deconstr  Erth           ######....   1%          5    ####...
f - Sting                 Conj/Pois      ####         3%          1    None


Dungeon Overview and Level Annotations

Branches:
Dungeon (1/1)

Altars:
Cheibriados
Dithmenos
Elyvilon
Fedhas
Gozag
Hepliaklqana
Kikubaaqudgha
Makhleb
Nemelex Xobeh
Okawaru
Qazlal
Ru
Sif Muna
Trog
Uskayaw
Vehumet
Xom
Yredelemnul
Zin
The Shining One
Jiyva
Lugonu

Shops:
D :**::[(::=[?::([(


Innate Abilities, Weirdness & Mutations

You are resistant to torment.
Your stone body is resilient. (AC +7)
You are immune to poison.
You resist negative energy. (rN+)
You are resistant to electric shocks. (rElec)
You can survive without breathing.
You are immune to petrification.
You are immune to rotting.
You are weak. (Str -2)


Message History

There is an open door here.
There is an open door here.
There is an open door here.
There is an open door here.
You are feeling hungry.
You see here a curare-tipped needle.
There is an open door here.
Okay, then.
You start eating one of the 2 meat rations.
Something hits you!!
Keep eating? [Y]es or [N]o only, please.
Keep eating?
You feel your power leaking away.
You continue eating.
Something hits you!!
* * * LOW HITPOINT WARNING * * *
You continue eating.
Something hits you!
You die...

#..#####'#####'#__####...'§§#§#
#..####..#...#.####§§#####..§.#
#..#__####[.##.#≈§§§§#§.##§####
#..#_____##'#..'§≈§§§'§.#..^^.#.
#⌠⌠#_.∩...'..._#§§§§.#§.#..^§§§.
####_..__##_(#'##(#####'###§§§#.
#_____###'#[#)(.[###.'.#§.^#
############.####'###.###.#..##
#∩....G.GG+.)..@....')∩##.#..#
###''G'####...###########§##'#
#...... ###.###......§##.##.#
#.....G #.#.#.#.......§§§####
#..#... #.....#'..#.§###§# #.
.G.. #.....#....§.§.#§# # G...#
#######[.....§#'.# .....
#}..........≈#### #.)........≈≈#


There were no monsters in sight!

Vanquished Creatures
  2 centaur warriors (D)
  Sonja (D)
  2 unseen horrors (D)
  A deep troll (D)
  A lindwurm (D)
  An oklob plant (D)
  A gargoyle (D)
  2 kobold demonologists (D)
  4 demonic crawlers (D)
  A meliai (D)
  A hornet (D)
  A slime creature (D)
  Sigmund (D)
  2 redbacks (D)
  A yak (D)
  2 floating eyes (D)
  7 necrophages (D)
  An ogre (D)
  8 jellies (D)
  Ijyb (D)
  7 ballistomycetes (D)
  A ballistomycete spore (D)
49 creatures vanquished.

Vanquished Creatures (others)
  A gargoyle (D)
  A ballistomycete spore (D)
2 creatures vanquished.

Grand Total: 51 creatures vanquished

Notes
Turn   | Place    | Note
-------+----------+-------------------------------------------
     0 | D        | poirepourri the Gargoyle Earth Elementalist began the quest for the Orb.
     0 | D        | Reached XP level 1. HP: 10/10 MP: 3/3
     3 | D        | Noticed Ijyb
     9 | D        | Killed Ijyb
     9 | D        | Reached skill level 6 in Earth Magic
     9 | D        | Reached XP level 2. HP: 13/15 MP: 1/6
     9 | D        | Reached XP level 3. HP: 17/19 MP: 1/7
   146 | D        | Learned a level 2 spell: Passwall
   150 | D        | Learned a level 3 spell: Stone Arrow
   155 | D        | Noticed an ogre
   160 | D        | Killed an ogre
   160 | D        | Reached skill level 1 in Transmutations
   160 | D        | Reached skill level 9 in Earth Magic
   160 | D        | Reached XP level 4. HP: 24/24 MP: 0/10
   313 | D        | Noticed Sigmund
   318 | D        | Killed Sigmund
   318 | D        | Reached skill level 11 in Earth Magic
   318 | D        | Reached XP level 5. HP: 11/28 MP: 1/13
   318 | D        | Reached XP level 6. HP: 12/32 MP: 1/15
   471 | D        | Learned a level 4 spell: Petrify
   477 | D        | Learned a level 5 spell: Lee's Rapid Deconstruction
   524 | D        | Found a deep blue altar of Sif Muna.
   526 | D        | Found a radiant altar of Vehumet.
   529 | D        | Reached skill level 1 in Conjurations
   529 | D        | Reached skill level 12 in Earth Magic
   563 | D        | Became a worshipper of Vehumet
   571 | D        | Found Wysoch Goschy's Assorted Antiques.
   571 | D        | Found an ancient bone altar of Kikubaaqudgha.
   571 | D        | Found a hazy altar of Hepliaklqana.
   571 | D        | Found a stormy altar of Qazlal.
   571 | D        | Found a hide-covered altar of Uskayaw.
   571 | D        | Found a blossoming altar of Fedhas.
   571 | D        | Found a bloodstained altar of Trog.
   571 | D        | Found an iron altar of Okawaru.
   571 | D        | Found a basalt altar of Yredelemnul.
   571 | D        | Found a glowing golden altar of the Shining One.
   571 | D        | Found a snail-covered altar of Cheibriados.
   571 | D        | Found a sacrificial altar of Ru.
   571 | D        | Found a glowing silver altar of Zin.
   571 | D        | Found a shadowy altar of Dithmenos.
   571 | D        | Found a white marble altar of Elyvilon.
   571 | D        | Noticed a yak
   574 | D        | Killed a yak
   574 | D        | Reached skill level 13 in Earth Magic
   574 | D        | Reached XP level 7. HP: 22/36 MP: 10/17
   632 | D        | Found an opulent altar of Gozag.
   633 | D        | Found a sparkling altar of Nemelex Xobeh.
   637 | D        | Bought a pair of runed gloves for 241 gold pieces
   637 | D        | Bought 2 grey potions for 41 gold pieces
   708 | D        | Found a burning altar of Makhleb.
   708 | D        | Found a shimmering altar of Xom.
   708 | D        | Noticed a slime creature
   715 | D        | Killed a slime creature
   715 | D        | Reached skill level 14 in Earth Magic
   818 | D        | Found a viscous altar of Jiyva.
   818 | D        | Found a corrupted altar of Lugonu.
   847 | D        | Noticed Sonja
   850 | D        | Killed Sonja
   850 | D        | Reached * piety under Vehumet
   850 | D        | Offered knowledge of Shock by Vehumet.
   850 | D        | Reached skill level 5 in Dodging
   850 | D        | Reached skill level 15 in Earth Magic
   850 | D        | Reached XP level 8. HP: 41/41 MP: 12/21
   935 | D        | Noticed a deep troll
   943 | D        | Killed a deep troll
   943 | D        | Reached skill level 10 in Spellcasting
   943 | D        | Reached skill level 16 in Earth Magic
   943 | D        | Reached XP level 9. HP: 30/46 MP: 11/23
  1036 | D        | Killed a gargoyle
  1076 | D        | Found Xeicas's Armour Emporium.
  1080 | D        | Bought a +2 chain mail of fire resistance for 258 gold pieces
  1080 | D        | Bought a +0 buckler for 54 gold pieces
  1126 | D        | Found Sucw's Book Boutique.
  1164 | D        | Noticed a centaur warrior
  1164 | D        | Noticed a centaur warrior
  1172 | D        | Killed a centaur warrior
  1172 | D        | Reached skill level 17 in Earth Magic
  1176 | D        | Killed a centaur warrior
  1176 | D        | Offered knowledge of Sting by Vehumet.
  1176 | D        | Reached ** piety under Vehumet
  1176 | D        | Reached skill level 1 in Fighting
  1176 | D        | Reached skill level 5 in Conjurations
  1176 | D        | Reached skill level 18 in Earth Magic
  1179 | D        | Learned a level 1 spell: Sting
  1511 | D        | Noticed a hornet
  1519 | D        | Killed a hornet
  1608 | D        | Noticed an oklob plant
  1612 | D        | Killed an oklob plant
  1612 | D        | Reached XP level 10. HP: 52/52 MP: 15/26
  1669 | D        | Offered knowledge of Inner Flame by Vehumet.
  1672 | D        | Reached *** piety under Vehumet
  1754 | D        | Killed an unseen horror
  1754 | D        | Reached **** piety under Vehumet
  1754 | D        | Reached skill level 19 in Earth Magic
  1755 | D        | Killed an unseen horror
  1763 | D        | Reached ***** piety under Vehumet
  1845 | D        | Offered knowledge of Mephitic Cloud by Vehumet.
  1973 | D        | Noticed a kobold demonologist
  1974 | D        | Noticed a kobold demonologist
  1974 | D        | Offered knowledge of Yara's Violent Unravelling by Vehumet.
  1975 | D        | Killed a kobold demonologist
  1976 | D        | Noticed a smoke demon
  1976 | D        | Killed a kobold demonologist
  1976 | D        | Reached skill level 20 in Earth Magic
  2055 | D        | Reached ****** piety under Vehumet
  2083 | D        | Reached XP level 11. HP: 56/56 MP: 14/28
  2151 | D        | Found Unnol's Book Shoppe.
  2152 | D        | Found Oxae's Assorted Antiques.
  2152 | D        | Found Dumurr's Book Boutique.
  2153 | D        | Found Kogodwutz's Book Boutique.
  2153 | D        | Found Qaiwuol's Antique Weapon Emporium.
  2154 | D        | Found Lifac's Weapon Emporium.
  2172 | D        | Found Feytsatugg's Armour Emporium.
  2172 | D        | Found Geshe's Weapon Shop.
  2172 | D        | Found Nimias's Book Shoppe.
  2172 | D        | Found Pirivet's Book Boutique.
  2172 | D        | Found Anen's Jewellery Emporium.
  2172 | D        | Found Xeasherch's Antique Armour Shop.
  2172 | D        | Found Maothoet's Magic Scroll Shoppe.
  2175 | D        | Found Reggo's Book Boutique.
  2182 | D        | Bought an uncursed ring of wizardry for 420 gold pieces
  2183 | D        | Bought a pair of spiked gloves for 209 gold pieces
  2183 | D        | Bought a pair of boots for 99 gold pieces
  2228 | D        | Identified the -3 pair of gloves of Intercession {Stlth+} (You bought it in a shop in the Dungeon)
  2448 | D        | Noticed a shining eye
  2448 | D        | Noticed a shining eye
  2448 | D        | Noticed a shining eye
  2448 | D        | Gained mutation: You are weak. (Str -2) [a shining eye]
  2451 | D        | Paralysed by a floating eye for 2 turns
  2518 | D        | Offered knowledge of Iskenderun's Battlesphere by Vehumet.
  2865 | D        | Noticed a lindwurm
  2870 | D        | Killed a lindwurm
  2995 | D        | Offered knowledge of Fulminant Prism by Vehumet.
  3054 | D        | Mangled by a lorocyproca

Vault maps used:
D:        dungeon_sprint_1

Skill      XL: |  1  2  3  4  5  6  7  8  9 10 11 |
---------------+----------------------------------+-----
Dodging        | 2 3 4 5 6 |  6.2
Spellcasting   | 3 4 6 7 9 10 12 13 14 | 14.6
Earth Magic    | 6 9 11 13 15 16 18 20 | 20.7
Transmutations | 1 |  1.7
Conjurations   | 1 3 4 5 7 8 |  8.4
Fighting       | 1 |  1.3
Armour         | |  0.4
Stealth        | |  2.1

Action                   |  1- 3 |  4- 6 |  7- 9 | 10-12 || total
-------------------------+-------+-------+-------+-------++-------
 Cast: Sandblast         |     7 |     5 |    17 |    31 ||    60
       Stone Arrow       |     1 |     5 |    14 |    43 ||    63
       Lee's Rapid Decon |       |       |       |    13 ||    13
  Use: Potion            |     1 |       |     1 |     6 ||     8
       Scroll            |       |       |     1 |     5 ||     6
  Eat: Bread ration      |       |       |     1 |     1 ||     2
Armor: Robe              |     1 |     3 |     3 |       ||     7
       Chain mail        |       |       |     2 |    61 ||    63
Dodge: Dodged            |     5 |       |    10 |    23 ||    38
